 Dungeon Crawl Stone Soup version 0.13.0-9-gbc74161 (webtiles) character file.

11178 Webbie the Reanimator (level 11, -9/74 HPs)
             Began as a Red Draconian Earth Elementalist on Oct 12, 2013.
             Was a Priest of Kikubaaqudgha.
             Mangled by a spiny frog (14 damage)
             ... on Level 11 of the Dungeon on Oct 17, 2013.
             The game lasted 05:33:56 (14412 turns).

Webbie the Reanimator (DrEE)                       Turns: 14412, Time: 05:33:57

HP  -9/74        AC 11     Str 11      XL: 11   Next: 40%
MP   0/27        EV 15     Int 19      God: Kikubaaqudgha [***...]
Gold 437         SH  0     Dex 11      Spells:  8 memorised,  7 levels left

Res.Fire  : + . .   See Invis. : .   c - +0,+1 spear (venom)
Res.Cold  : . . .   Warding    : .   (armour unavailable)
Life Prot.: + . .   Conserve   : .   (no shield)
Res.Poison: +       Res.Corr.  : .   z - +1 wizard hat
Res.Elec. : .       Clarity    : .   f - +1 dwarf cloak
Sust.Abil.: . .     Spirit.Shd : +   G - +0 pair of gloves
Res.Mut.  : .       Stasis     : .   (no boots)
Res.Rott. : .       Flight     : .   r - amulet of guardian spirit
Saprovore : . . .                    v - ring of poison resistance
                                     b - ring of positive energy

@: drained, somewhat resistant to hostile enchantments, unstealthy
A: breathe fire, unfitting armour, fire resistance 1, AC +7
a: Breathe Fire, Receive Corpses, Renounce Religion


You were on level 11 of the Dungeon.
You worshipped Kikubaaqudgha.
Kikubaaqudgha was most pleased with you.
You were hungry.

You visited 3 branches of the dungeon, and saw 13 of its levels.

You collected 604 gold pieces.
You spent 187 gold pieces at shops.

Inventory:

Hand weapons
 c - a +0,+1 spear of venom (weapon)
Missiles
 d - 41 stones
 g - 4 poisoned darts
 y - 11 darts of frost
 A - 18 steel darts
 B - 14 darts of flame (quivered)
 F - a throwing net [torn]
Armour
 f - a +1 dwarven cloak (worn)
 z - a +1 wizard hat (worn)
 G - a +0 pair of gloves (worn)
Magical devices
 h - a wand of teleportation (6)
 l - a wand of draining (0)
 K - a wand of invisibility (2)
 Q - a wand of cold (6)
 T - a wand of random effects (14) {unknown}
 X - a wand of paralysis (9)
Comestibles
 a - 2 bread rations
 k - 5 apples
 u - 3 chokos
 x - a cheese
 I - a honeycomb
 O - 3 meat rations
 P - a royal jelly
Scrolls
 i - a scroll of curse weapon
 o - 4 scrolls of identify
 p - 3 scrolls of blinking {unknown}
 q - 2 scrolls of noise
 s - a scroll of summoning {unknown}
 t - 11 scrolls of remove curse
Jewellery
 b - a ring of positive energy (left hand)
 n - an uncursed ring of ice
 r - an amulet of guardian spirit (around neck)
 v - a ring of poison resistance (right hand)
 Y - an uncursed ring of fire
Potions
 j - 7 potions of curing
 m - a potion of degeneration {unknown}
 w - a potion of agility {unknown}
 C - a potion of magic
 D - a potion of flight
 J - a potion of restore abilities {unknown}
Books
 E - Kikubaaqudgha's Handbook of Evil Arts
   (Kikubaaqudgha gifted it to you on level 11 of the Dungeon)

   Spells                             Type                      Level
   Excruciating Wounds                Charms/Necromancy            5
   Dispel Undead                      Necromancy                   5
   *Twisted Resurrection              Necromancy                   5
   Bolt of Draining                   Conjuration/Necromancy       6
   Simulacrum                         Ice/Necromancy               6
 H - a book of Dreams

   Spells                             Type                      Level
   Ensorcelled Hibernation            Hexes/Ice                    2
   Flight                             Charms/Air                   3
   Phase Shift                        Translocation                5
   Shadow Creatures                   Summoning                    5
   Mass Confusion                     Hexes                        6
   Darkness                           Hexes                        7
Magical staves
 e - an uncursed staff of energy


   Skills:
 + Level 8.2(7.1) Dodging
 - Level 1.8(0.9) Stealth
 + Level 9.1(8.0) Spellcasting
 + Level 9.3(8.2) Necromancy
 - Level 1.0(0.1) Transmutations
 + Level 9.0(7.9) Earth Magic


You had 7 spell levels left.
You knew the following spells:

 Your Spells              Type           Power        Failure   Level  Hunger
a - Sandblast             Erth           #####.       1%          1    None
b - Stone Arrow           Conj/Erth      ###...       6%          3    #......
c - Animate Skeleton      Necr           N/A          1%          1    None
d - Lee's Rapid Deconstr  Erth           #####.....   12%         5    ####...
e - Stoneskin             Trmt/Erth      ###.......   2%          2    None
f - Summon Butterflies    Summ           #.......     10%         1    None
g - Vampiric Draining     Necr           #####.....   1%          3    #......
h - Twisted Resurrection  Necr           #####.....   12%         5    ####...


Dungeon Overview and Level Annotations

Branches:
Dungeon (11/27)            Temple (1/1) D:6             Orc (0/4) D:10
   Lair (1/8) D:11

Altars:
Ashenzari
Fedhas
Kikubaaqudgha
Makhleb
Nemelex Xobeh
Trog
Vehumet
Zin
the Shining One

Shops:
D:6 [   D:7 ?   D:11 %

Annotations:
Lair:1 Nergalle


Innate Abilities, Weirdness & Mutations

You can breathe blasts of fire.
Your fiery red scales are hard (AC +7).
Your body does not fit into most forms of armour.
Your cold-blooded metabolism reacts poorly to cold.
Your flesh is heat resistant.


Message History

Aim: a jackal You hit the jackal.
The jackal is poisoned.
The jackal is heavily wounded.
The jackal bites you but does no damage.
Your crocodile skeleton bites the spiny frog but does no damage.
The spiny frog stings your crocodile skeleton!
Your crocodile skeleton is destroyed!
The jackal closely misses you.
Attack whom?
Press: ? - help, Dir - move target cursor, f/p - jackal
Aim: a jackal (heavily wounded, poisoned)
You hit the jackal.
You kill the jackal!
Kikubaaqudgha accepts your kill. The spiny frog stings you!
* * * LOW HITPOINT WARNING * * *
The spiny frog barely misses you. The spiny frog stings you!
You die...
Kikubaaqudgha rasps: "You have failed me!
Welcome... death!"

.#.............P.Pf..............
.................P...............
#........(.f...Pf.ff.............
.............P..f.PfP..PP........
........f..PPff.P...fP...........
.........PP..PP.ZPP.fPf..........
.......f.PPf.P.PfP...fPP.........
.......(.PffP.f.ff...fff.........
.........Pf..ffP@FPP.f.f.........
.......f.f.....P..P.Pf.f.f.......
........PPfPfP.f.P)fP.P......#...
...........PPfP.P..P.P..P...###..
.......f....Pfff[PP.P........#...
.......#..f..f.fP..f.............
......###........f...............
.......#.........................
.............).....<...........#.


You could see a spiny frog and a friendly cyclops skeleton.

Vanquished Creatures
  Erolcha (D:11)
  A necromancer (D:10)
  A hill giant (D:11)
  The ghost of MechanicPope the Slasher, an experienced HEFi (D:7)
  A cyclops (D:11)
  Maurice (D:11)
  2 spiny frogs (Lair:1)
  A troll (D:9)
  2 wraiths (D:10)
  5 hippogriffs
  3 manticores
  A necrophage (D:9)
  A soldier ant (D:11)
  A porcupine (Lair:1)
  A naga (D:9)
  An ice beast (D:5)
  A black bear (D:7)
  3 ogres
  A phantom (D:10)
  A centaur (D:9)
  3 orc warriors
  The ghost of Antur the Magician, an average HuWn (D:3)
  Sigmund (D:6)
  A crocodile (D:11)
  A water moccasin (Lair:1)
  Blork the orc (D:9)
  A gnoll sergeant (D:9)
  2 giant frogs
  2 manticore zombies (D:10)
  2 eyes of draining (D:6)
  2 troll zombies (D:10)
  6 wights
  A centaur zombie (D:9)
  4 goliath beetles
  A jelly (D:9)
  A quasit (D:10)
  9 orc priests
  Crazy Yiuf (D:6)
  5 crimson imps
  2 iguanas
  A scorpion (D:10)
  4 hounds
  10 orc wizards
  8 worker ants
  3 grizzly bear simulacra (D:10)
  2 ogre zombies (D:10)
  A sheep (D:11)
  A hound skeleton (D:6)
  A hound zombie (D:9)
  2 hound simulacra (D:10)
  3 adders
  A giant centipede (Lair:1)
  3 gnolls (D:9)
  3 giant mites
  3 worms
  An iguana skeleton (D:8)
  A giant eyeball (D:7)
  8 giant geckos
  An ooze (D:6)
  37 orcs
  2 sheep simulacra (D:10)
  16 bats
  A bat skeleton (D:4)
  3 giant cockroaches (D:2)
  11 goblins
  12 hobgoblins
  5 quokkas
  2 ball pythons
  3 giant newts
  A giant spore (D:7)
  2 goblin zombies (D:10)
  3 hobgoblin zombies (D:10)
  18 jackals
  14 kobolds
  A kobold zombie (D:7)
  4 orc skeletons
  10 orc zombies
  11 rats
  A rat zombie (D:6)
  A ballistomycete (D:7)
  A plant (D:11)
293 creatures vanquished.

Vanquished Creatures (collateral kills)
  5 spectral orcs (Lair:1)
  Pikel (D:8)
  A black mamba (Lair:1)
  3 slime creatures (D:11)
  A merfolk (D:9)
  2 hungry ghosts
  A porcupine (Lair:1)
  2 ogres
  2 centaurs (D:10)
  A giant slug (Lair:1)
  3 giant frogs
  2 wights (D:8)
  A troll zombie (D:10)
  A yak skeleton (D:7)
  A crimson imp (D:8)
  A centaur skeleton (D:8)
  2 orc wizards
  2 grizzly bear simulacra (D:10)
  2 sheep (D:11)
  An ogre zombie (D:10)
  A sky beast zombie (D:9)
  A mummy (D:9)
  An adder (D:8)
  A hound simulacrum (D:10)
  A giant eyeball (D:9)
  6 orcs
  A sheep simulacrum (D:10)
  A bat (D:11)
  A jackal (Lair:1)
  A quokka (Lair:1)
  A kobold (D:9)
  An orc skeleton (D:10)
  2 orc zombies (D:10)
  4 rats
  4 fungi (D:11)
  3 plants
65 creatures vanquished.

Vanquished Creatures (others)
  A small abomination (Lair:1)
  3 slaves (D:9)
  A manticore skeleton (D:10)
  2 giant frog skeletons
  2 hound skeletons
  A scorpion (D:9)
  An orc priest (D:9)
  A sheep (D:11)
  A human skeleton (D:11)
  A crocodile skeleton (D:11)
  3 ogre skeletons
  A steam dragon skeleton (D:10)
  3 sheep skeletons (D:11)
  5 bat skeletons
  2 giant gecko skeletons
  A gnoll skeleton (D:9)
  A hobgoblin skeleton (D:8)
  A jackal skeleton (D:11)
  A kobold skeleton (D:10)
  13 orc skeletons
  A quokka skeleton (Lair:1)
  A rat skeleton (D:11)
  A fungus (D:11)
48 creatures vanquished.

Grand Total: 406 creatures vanquished

Notes
Turn   | Place    | Note
--------------------------------------------------------------
     0 | D:1      | Webbie, the Draconian Earth Elementalist, began the quest for the Orb.
     0 | D:1      | Reached XP level 1. HP: 14/14 MP: 3/3
   358 | D:1      | Reached XP level 2. HP: 15/20 MP: 1/4
  1256 | D:2      | Reached XP level 3. HP: 15/26 MP: 4/6
  1954 | D:2      | Learned a level 3 spell: Stone Arrow
  2527 | D:2      | Reached XP level 4. HP: 31/33 MP: 5/8
  2690 | D:3      | Noticed Antur's ghost (average HuWn)
  2700 | D:3      | Killed Antur's ghost
  2700 | D:3      | Reached skill level 4 in Earth Magic
  2700 | D:3      | Reached XP level 5. HP: 38/38 MP: 10/10
  3167 | D:3      | Found a burning altar of Makhleb.
  3171 | D:3      | Noticed a green death
  3177 | D:3      | Noticed an orange demon
  3177 | D:3      | Noticed a smoke demon
  3619 | D:4      | Reached XP level 6. HP: 43/45 MP: 1/12
  3941 | D:4      | Found a shattered altar of Ashenzari.
  3947 | D:4      | Found a glowing silver altar of Zin.
  3953 | D:4      | Found a blossoming altar of Fedhas.
  3958 | D:4      | Upgraded the game from 0.13.0 to 0.13.0-3-g966e3ec
  4115 | D:5      | Entered Level 5 of the Dungeon
  4178 | D:5      | Reached skill level 5 in Earth Magic
  4690 | D:5      | Your scales start taking on a fiery red colour.
  4690 | D:5      | Gained mutation: Your flesh is heat resistant. [draconian maturity]
  4690 | D:5      | Reached XP level 7. HP: 12/50 MP: 2/15
  5093 | D:6      | Noticed Sigmund
  5099 | D:6      | Killed Sigmund
  5099 | D:6      | Reached skill level 6 in Earth Magic
  5268 | D:6      | Noticed Crazy Yiuf
  5275 | D:6      | Killed Crazy Yiuf
  5518 | D:6      | Found an ancient bone altar of Kikubaaqudgha.
  5522 | D:6      | Became a worshipper of Kikubaaqudgha
  5730 | D:6      | Found a bloodstained altar of Trog.
  5762 | D:6      | Found Wounen's Armour Shoppe.
  5807 | D:6      | Found a staircase to the Ecumenical Temple.
  5813 | Temple   | Entered the Ecumenical Temple
  6229 | D:7      | Reached skill level 5 in Spellcasting
  6229 | D:7      | Reached XP level 8. HP: 33/57 MP: 17/19
  6510 | D:7      | Noticed MechanicPope's ghost (experienced HEFi)
  6520 | D:7      | Killed MechanicPope's ghost
  6520 | D:7      | Reached skill level 5 in Dodging
  6530 | D:7      | Acquired Kikubaaqudgha's first power
  6530 | D:7      | Received a gift from Kikubaaqudgha
  6531 | D:7      | Identified Kikubaaqudgha's Compendium of Evil (Kikubaaqudgha gifted it to you on level 7 of the Dungeon)
  6534 | D:7      | Learned a level 1 spell: Animate Skeleton
  6579 | D:7      | Found Gaet Asa's Magic Scroll Boutique.
  6595 | D:7      | Reached skill level 1 in Necromancy
  6674 | D:7      | Bought a scroll of identify for 30 gold pieces
  6675 | D:7      | Bought a scroll of curse armour for 30 gold pieces
  6675 | D:7      | Bought a scroll of enchant weapon I for 82 gold pieces
  6675 | D:7      | Bought a scroll of remove curse for 45 gold pieces
  6864 | D:8      | Reached skill level 7 in Spellcasting
  7049 | D:8      | Reached XP level 9. HP: 50/62 MP: 8/23
  7331 | D:8      | Upgraded the game from 0.13.0-3-g966e3ec to 0.13.0-6-g40e4d2d
  7337 | D:8      | Learned a level 5 spell: Lee's Rapid Deconstruction
  7340 | D:8      | Learned a level 2 spell: Stoneskin
  8188 | D:9      | Noticed Pikel
  8199 | D:8      | Killed Pikel
  8210 | D:9      | Reached skill level 5 in Necromancy
  8929 | D:9      | Noticed Blork the orc
  8935 | D:9      | Killed Blork the orc
  8935 | D:9      | Reached XP level 10. HP: 45/69 MP: 1/25
  8978 | D:9      | Acquired Kikubaaqudgha's second power
  9426 | D:9      | Learned a level 1 spell: Summon Butterflies
  9803 | D:9      | Paralysed by a potion of paralysis for 3 turns
  9934 | D:9      | Reached skill level 8 in Spellcasting
  9999 | D:10     | Entered Level 10 of the Dungeon
 11327 | D:10     | Found a staircase to the Orcish Mines.
 11410 | D:9      | Learned a level 3 spell: Vampiric Draining
 11460 | D:10     | Noticed a necromancer
 11498 | D:10     | Killed a necromancer
 12610 | D:11     | Upgraded the game from 0.13.0-6-g40e4d2d to 0.13.0-7-g3df9ff1
 12613 | D:11     | Noticed Erolcha
 12619 | D:11     | Noticed Maurice
 12633 | D:11     | Killed Erolcha
 12633 | D:11     | Reached XP level 11. HP: 40/74 MP: 10/27
 12674 | D:11     | Killed Maurice
 12683 | D:11     | Found a staircase to the Lair.
 12715 | D:11     | Your ally Erolcha died
 12937 | D:11     | Found Phara's Food Emporium.
 12951 | D:11     | Noticed a cyclops
 12977 | D:11     | Killed a cyclops
 12998 | D:11     | Upgraded the game from 0.13.0-7-g3df9ff1 to 0.13.0-9-gbc74161
 13263 | D:11     | Reached skill level 9 in Necromancy
 13265 | D:11     | Noticed a hill giant
 13265 | D:11     | Received a gift from Kikubaaqudgha
 13273 | D:11     | Killed a hill giant
 13274 | D:11     | Identified Kikubaaqudgha's Handbook of Evil Arts (Kikubaaqudgha gifted it to you on level 11 of the Dungeon)
 13283 | D:11     | Learned a level 5 spell: Twisted Resurrection
 13417 | D:11     | Your ally Maurice died
 13825 | D:11     | Noticed a large abomination
 13836 | Lair:1   | Entered Level 1 of the Lair of Beasts
 14315 | Lair:1   | Noticed Nergalle
 14320 | Lair:1   | Noticed a spectral orc warlord
 14339 | Lair:1   | Killed a spectral orc warlord
 14404 | D:11     | HP: 3/74 [spiny frog (8)]
 14412 | D:11     | Mangled by a spiny frog

Action                   |  1- 3 |  4- 6 |  7- 9 | 10-12 || total
-------------------------+-------+-------+-------+-------++-------
Melee: Unarmed           |     7 |       |       |       ||     7
       Dagger            |   128 |       |       |       ||   128
       Short sword       |     2 |     3 |       |       ||     5
       Sling             |       |     5 |       |       ||     5
       Spear             |       |       |    97 |   174 ||   271
       Staff             |       |       |       |    19 ||    19
 Fire: Sling             |       |   114 |   121 |       ||   235
Throw: Javelin           |    13 |       |       |       ||    13
       Stone             |     2 |       |    18 |       ||    20
       Dart              |     4 |     2 |     1 |    34 ||    41
       Spear             |       |       |       |     1 ||     1
 Cast: Sandblast         |    45 |    24 |    33 |    93 ||   195
       Stone Arrow       |     3 |    24 |    43 |   105 ||   175
       Animate Skeleton  |       |       |    22 |    42 ||    64
       Lee's Rapid Decon |       |       |    22 |    23 ||    45
       Summon Butterflie |       |       |       |     1 ||     1
       Vampiric Draining |       |       |       |     6 ||     6
       Twisted Resurrect |       |       |       |     6 ||     6
Invok: Receive Corpses   |       |       |       |     7 ||     7
 Abil: Breathe Fire      |       |       |    10 |    23 ||    33
Evoke: Wand              |       |     1 |     4 |     5 ||    10
       Miscellaneous     |       |       |       |     1 ||     1
  Use: Scroll            |     1 |       |     5 |     5 ||    11
       Potion            |     1 |     1 |     1 |     9 ||    12
 Stab: Sleeping          |     1 |       |     1 |     1 ||     3
       Distracted        |       |       |       |     2 ||     2
